 Dungeon Crawl Stone Soup version 0.21.1-1-g345015f (console) character file.

1466 Homage the Destroyer (level 8, -5/41 HPs)
             Began as a Gargoyle Conjurer on May 18, 2018.
             Slain by a komodo dragon (18 damage)
             ... on level 8 of the Dungeon.
             The game lasted 00:21:09 (5017 turns).

Homage the Destroyer (Gargoyle Conjurer)            Turns: 5017, Time: 00:21:10

Health: -5/41      AC: 12    Str: 11    XL:     8   Next: 77%
Magic:  25/25      EV: 12    Int: 19    God:
Gold:   217        SH:  0    Dex: 10    Spells: 4/18 levels left

rFire    . . .     SeeInvis +   a - +0 spear (freeze)
rCold    . . .     Gourm    .   (no shield)
rNeg     + . .     Faith    .   k - +1 robe
rPois    ∞         Spirit   .   d - +2 helmet {SInv}
rElec    +         Reflect  .   (no cloak)
rCorr    .         Harm     .   (no gloves)
MR       .....                  v - +0 pair of boots
Stlth    +++.......             f - amulet of regeneration
HPRegen  0.53/turn              g - ring of magical power
MPRegen  0.19/turn              s - ring of stealth

@: no status effects
A: negative energy resistance 1, electricity resistance, unbreathing,
petrification resistance, rot immunity, AC +5
a: no special abilities


You were on level 8 of the Dungeon.
You were not hungry.

You visited 2 branches of the dungeon, and saw 9 of its levels.

You collected 217 gold pieces.


Innate Abilities, Weirdness & Mutations

You are resistant to torment.
Your stone body is resilient. (AC +5)
You are immune to poison.
You resist negative energy. (rN+)
You are resistant to electric shocks. (rElec)
You can survive without breathing.
You are immune to petrification.
You are immune to rotting.


   Skills:
 - Level 3.0 Dodging
 - Level 2.1 Stealth
 + Level 5.8 Spellcasting
 - Level 8.1 Conjurations
 - Level 3.0 Hexes
 - Level 3.0 Translocations


You had 4 spell levels left.
You knew the following spells:

 Your Spells              Type           Power        Failure   Level  Hunger
b - Iskenderun's Mystic   Conj           #####...     3%          4    ####...
d - Fulminant Prism       Conj/Hex       ####......   11%         4    ####...
X - Force Lance           Conj/Tloc      ####....     11%         4    ####...
Z - Searing Ray           Conj           #####.       1%          2    None

Inventory:

Hand Weapons
 a - a +0 spear of freezing (weapon)
Missiles
 e - 7 tomahawks (quivered)
 i - 29 arrows
 o - a throwing net
Armour
 d - a +2 helmet of see invisible (worn)
 k - a +1 robe (worn)
 v - a +0 pair of boots (worn)
Jewellery
 f - an amulet of regeneration (around neck)
 g - a ring of magical power (left hand)
 s - a ring of stealth (right hand)
Scrolls
 j - 3 scrolls of remove curse
 l - a scroll of blinking
 m - a scroll of teleportation
 n - a scroll of identify
 q - a scroll of enchant weapon
 r - a scroll of enchant armour
 t - a scroll of magic mapping
Potions
 h - 3 potions of might
 p - 3 potions of curing
Books
 b - a book of Conjurations

   Spells                             Type                      Level
   a - Magic Dart                     Conjuration                  1
   b - Searing Ray                    Conjuration                  2
   c - Dazzling Spray                 Conjuration/Hexes            3
   d - Fulminant Prism                Conjuration/Hexes            4
   e - Force Lance                    Conjuration/Translocation    4
   f - Iskenderun's Mystic Blast      Conjuration                  4
 w - a book of Air

   Spells                             Type                      Level
   a - Shock                          Conjuration/Air              1
   b - Swiftness                      Charms/Air                   2
   c - Static Discharge               Conjuration/Air              3
   d - Airstrike                      Air                          4
   e - Lightning Bolt                 Conjuration/Air              5
Comestibles
 c - 9 rations
 u - 6 chunks of flesh


Message History

u - 14 chunks of flesh (gained 4)
Things that are here:
a dagger; a robe
There is a stone staircase leading up here.
There is a stone staircase leading up here.
You start resting.
HP restored.
You start resting.
Some of the chunks of flesh in your inventory have rotted away.
Magic restored.
You climb upwards.
You hear the roar of battle.
There is an entrance to a bailey on this level.
Hurry and find it before the portal closes forever!
You hear the loud creaking of a portcullis nearby.
The adder bites you. The komodo dragon bites you!
The adder bites you but does no damage.
The orc warrior zaps a wand.
The puff of flame hits you! The komodo dragon barely misses you.
There is a stone staircase leading down here.
The adder barely misses you. The komodo dragon bites you!!
You die...

#...............#
.(.......##..[#.#####
._..}.._......o.....#
.........S###.##.###.#
..._..._...S..##.# .
........####.##.#
.##...o.#.#....##!###.#.#
.....##...#.....Sl......#
.>...####.....go@.......[
##...#####...#.##.......#
.#.............##.#####..
.....#.###.#.#.##.# #
.#......##.#......#
##....#...#....##.#
##..#...##.########
.............
.......###.###


You could see a komodo dragon, an orc warrior, an adder and a goblin.

Vanquished Creatures
  The ghost of MaidMarian the Sneak, a novice SpEn (D:5)
  Sigmund (D:2)
  The ghost of rabel the Digger, an amateur GrEE (D:4)
  The ghost of Lucherd the Stinger, an amateur VSVM (D:3)
  A phantom (D:8)
  2 ogres
  3 bullfrogs
  A scorpion (D:4)
  A water moccasin skeleton (D:8)
  2 crimson imps
  2 orc priests
  2 orc wizards
  3 worker ants
  2 gnolls
  4 adders
  A worm (D:2)
  A dart slug (D:1)
  4 leopard geckos
  9 orcs
  3 giant cockroaches
  6 goblins
  9 hobgoblins
  2 jackals (D:5)
  A quokka (D:4)
  A ball python (D:2)
  4 bats
  7 frilled lizards
  A jackal skeleton (D:4)
  6 kobolds
  7 rats
89 creatures vanquished.

Vanquished Creatures (others)
  A fulminant prism (D:5)
  9 plants (D:8)
10 creatures vanquished.

Grand Total: 99 creatures vanquished

Notes
Turn   | Place    | Note
-------+----------+-------------------------------------------
     0 | D:1      | Homage the Gargoyle Conjurer began the quest for the Orb.
     0 | D:1      | Reached XP level 1. HP: 10/10 MP: 3/3
   155 | D:1      | Reached XP level 2. HP: 15/15 MP: 0/5
   219 | D:1      | Learned a level 2 spell: Searing Ray
   835 | D:2      | Reached skill level 3 in Spellcasting
  1052 | D:2      | Noticed Sigmund
  1058 | D:2      | Killed Sigmund
  1058 | D:2      | Reached XP level 3. HP: 7/19 MP: 0/9
  1058 | D:2      | Reached XP level 4. HP: 8/24 MP: 0/11
  1058 | D:2      | Reached XP level 5. HP: 10/28 MP: 0/12
  1229 | D:2      | Learned a level 4 spell: Iskenderun's Mystic Blast
  1234 | D:2      | Learned a level 4 spell: Force Lance
  1708 | D:3      | Found an ancient bone altar of Kikubaaqudgha.
  1827 | D:3      | Noticed Lucherd's ghost (amateur VSVM)
  1836 | D:3      | Killed Lucherd's ghost
  1836 | D:3      | Reached XP level 6. HP: 32/32 MP: 4/13
  2059 | D:3      | Learned a level 4 spell: Fulminant Prism
  2638 | D:3      | Reached skill level 3 in Translocations
  2730 | D:3      | Reached skill level 1 in Hexes
  2771 | D:4      | Noticed rabel's ghost (amateur GrEE)
  2817 | D:4      | Killed rabel's ghost
  2817 | D:4      | Reached XP level 7. HP: 26/36 MP: 1/14
  3121 | D:4      | Reached skill level 3 in Hexes
  3245 | D:4      | Found a sparkling altar of Nemelex Xobeh.
  3273 | D:4      | Reached skill level 5 in Conjurations
  3504 | D:4      | Found a sacrificial altar of Ru.
  3600 | D:5      | Entered Level 5 of the Dungeon
  3950 | D:5      | Noticed MaidMarian's ghost (novice SpEn)
  3956 | D:5      | Killed MaidMarian's ghost
  3956 | D:5      | Reached skill level 7 in Conjurations
  3956 | D:5      | Reached XP level 8. HP: 33/41 MP: 15/15
  4462 | D:5      | You fall through a shaft for 3 floors!
  4462 | D:8      | Found a staircase to the Lair.
  4462 | D:8      | Noticed a komodo dragon
  4573 | D:8      | Reached skill level 3 in Dodging
  4627 | D:7      | Reached skill level 8 in Conjurations
  4646 | D:7      | Found a staircase to the Ecumenical Temple.
  4663 | Temple   | Entered the Ecumenical Temple
  4808 | D:8      | Found a sacrificial altar of Ru.
  4815 | D:8      | Found a hazy altar of Hepliaklqana.
  4815 | D:8      | Found a burning altar of Makhleb.
  4815 | D:8      | Found a white marble altar of Elyvilon.
  4816 | D:8      | Found a stormy altar of Qazlal.
  4840 | D:8      | HP: 8/41 [komodo dragon (20)]
  5017 | D:8      | Slain by a komodo dragon

Vault maps used:
D:1:      dpeg_arrival_rooms_b
D:2:      minivault_23, uniq_sigmund
D:3:      kiku_gazebo_pond_becter
D:4:      nemelex_xobeh_ov_fountains_minmay, hangedman_ru_absence
D:5:      first_ration, uniq_crazy_yiuf_cottage
D:7:      minmay_temple_entry_trees
D:8:      grunt_temple_overflow_open, david_lair_shrubbed, enter_bailey_7,
          grunt_livestock, nicolae_looking_at_the_future
Temple:   eino_temple_lava

Action                   |  1- 3 |  4- 6 |  7- 9 || total
-------------------------+-------+-------+-------++-------
Melee: Dagger            |    27 |       |       ||    27
       Unarmed           |     7 |       |       ||     7
       Spear             |     1 |    29 |    48 ||    78
 Cast: Magic Dart        |    14 |    36 |    20 ||    70
       Searing Ray       |     7 |    17 |    22 ||    46
       Fulminant Prism   |       |       |     1 ||     1
       Iskenderun's Myst |       |       |     8 ||     8
       Force Lance       |       |       |     2 ||     2
  Use: Scroll            |     3 |       |     6 ||     9
       Potion            |     1 |     4 |     2 ||     7
 Stab: Sleeping          |     1 |     3 |       ||     4
  Eat: Chunk             |     1 |     5 |     9 ||    15
Armor: Robe              |    15 |    33 |    49 ||    97
Dodge: Dodged            |    21 |    42 |    77 ||   140
